 Dungeon Sprint DCSS version 0.21.1-1-g345015f (webtiles) character file.

12 Psiloshibe the Slasher (level 3, -4/51 HPs)
             Began as a Barachi Berserker on June 24, 2018.
             Was a Believer of Trog.
             Slain by a soldier ant (7 damage)
             ... in the Dungeon (Sprint VI: "Thunderdome").
             The game lasted 00:01:40 (204 turns).

Psiloshibe the Slasher (Barachi Berserker)           Turns: 204, Time: 00:01:40

Health: -4/51      AC:  2    Str: 24    XL:     3   Next: 91%
Magic:  3/3        EV: 12    Int:  7    God:    Trog [**....]
Gold:   85         SH:  0    Dex: 14    Spells: 2/2 levels left

rFire    + . .     SeeInvis +   a - +0 falchion
rCold    + + .     Gourm    +   (no shield)
rNeg     . . .     Faith    .   r - +0 scale mail
rPois    .         Spirit   .   (no helmet)
rElec    .         Reflect  .   (no cloak)
rCorr    .         Harm     .   (no gloves)
MR       .....     NoTele   +   (no boots)
Stlth    ..........             n - amulet of the Vanishing Wishes {Gourm *Corrode rF+ SInv}
HPRegen  0.17/turn              o - ring "Peoczif" {+Fly rC+ Dex+3 SInv}
MPRegen  0.08/turn              p - ring of Hard Scrabble {rC+ Stlth+}

@: berserking, lethally poisoned (-4 -> -18), corroded, very quick
A: +LOS, swims, slowness 1, strong legs 1
a: Hop, Berserk, Trog's Hand, Burn Spellbooks, Renounce Religion, Evoke Flight


You were in the Dungeon.
You worshipped Trog.
Trog was pleased with you.
You were not hungry.

You visited 1 branch You collected 220 gold pieces.
You spent 135 gold pieces at shops.

Inventory:

Hand Weapons
 a - a +0 falchion (weapon)
Armour
 r - a +0 scale mail (worn)
Jewellery
 n - the amulet of the Vanishing Wishes (around neck) {Gourm *Corrode rF+ SInv}
   (You bought it in a shop in the Dungeon)

   [amulet of the gourmand]

   It allows you to eat raw meat even when not hungry.
   It protects you from fire.
   It lets you see invisible.
   It may corrode you when you take damage.
 o - the ring "Peoczif" (left hand) {+Fly rC+ Dex+3 SInv}
   (You bought it in a shop in the Dungeon)

   [ring of see invisible]

   It affects your dexterity (+3).
   It protects you from cold.
   It lets you see invisible.
   It lets you fly.
 p - the ring of Hard Scrabble (right hand) {rC+ Stlth+}
   (You bought it in a shop in the Dungeon)

   [ring of protection from cold]

   It protects you from cold.
   It makes you more stealthy.
Wands
 k - a wand of acid (5)
 l - a wand of iceblast (5)
Scrolls
 i - 4 scrolls of blinking
 m - 3 scrolls of fog
Potions
 d - a potion of curing
 e - 4 potions of heal wounds
 f - 4 potions of haste
 g - 2 potions of magic
 h - a potion of berserk rage
 j - a potion of resistance
Comestibles
 c - a ration
 q - 9 chunks of flesh


   Skills:
 + Level 5.9 Fighting
 + Level 6.0 Long Blades
 * Level 2.9 Throwing
 + Level 3.4 Armour
 + Level 3.4 Dodging


You had 2 spell levels left.
You didn't know any spells.

Dungeon Overview and Level Annotations

Branches:
Dungeon (1/1)

Altars:
Cheibriados
Dithmenos
Fedhas
Gozag
Kikubaaqudgha
Makhleb
Okawaru
Qazlal
Ru
Sif Muna
Trog
Uskayaw
Vehumet
Wu Jian
Xom
Yredelemnul
Zin
The Shining One
Beogh
Jiyva
Lugonu

Shops:
D *[%??*?*:[((!!!!


Innate Abilities, Weirdness & Mutations

Shadows flee at your approach. (+LOS)
You can swim through water.
You cover ground slowly.
You can hop short distances.


Message History

You feel sick. The soldier ant stings you.
* * * LOW HITPOINT WARNING * * *
You hit the soldier ant.
The soldier ant is moderately wounded.
* * * LOW HITPOINT WARNING * * *
You feel sick. The soldier ant barely misses you.
You barely miss the soldier ant.
The soldier ant is moderately wounded.
* * * LOW HITPOINT WARNING * * *
You feel sick.
You hit the soldier ant but do no damage.
The soldier ant is moderately wounded.
* * * LOW HITPOINT WARNING * * *
You feel sick. The soldier ant stings you.
* * * LOW HITPOINT WARNING * * *
You closely miss the soldier ant.
The soldier ant is moderately wounded.
* * * LOW HITPOINT WARNING * * *
You feel sick. The soldier ant stings you!
You die...

##∩.....∩## #∩.......∩#
#_......._# #_......._#
#........_# ###.........###
#§...........⌠#
######a8.........8.####
##∩___a@....###......___
###∩........8[# #.8.......
##.............###.........
#⌠..........###...###......
#⌠..........# #.<.# #......
#§..........###...###......
##.............###.........
###∩........8.# #.8.......
##∩__.......###......___


You could see a soldier ant and a worker ant.

Vanquished Creatures
  Terence (D)
  A worker ant (D)
  A giant cockroach (D)
  A hobgoblin (D)
  2 bats (D)
6 creatures vanquished.

Notes
Turn   | Place    | Note
-------+----------+-------------------------------------------
     0 | D        | Psiloshibe the Barachi Berserker began the quest for the Orb.
     0 | D        | Reached XP level 1. HP: 18/18 MP: 1/1
     0 | D        | Found a burning altar of Makhleb.
     0 | D        | Found a hide-covered altar of Uskayaw.
     3 | D        | Found a sacrificial altar of Ru.
     3 | D        | Found a basalt altar of Yredelemnul.
     3 | D        | Found an ancient bone altar of Kikubaaqudgha.
     4 | D        | Found a shadowy altar of Dithmenos.
     4 | D        | Found an ornate altar of the Wu Jian Council.
     5 | D        | Found Taruma's Delicious Food.
     5 | D        | Found a corrupted altar of Lugonu.
     5 | D        | Found Qanoic's Identification Station.
     5 | D        | Found a snail-covered altar of Cheibriados.
     5 | D        | Round 1.
     6 | D        | Found Totuyworgh's Jewellery.
     6 | D        | Found Kegedux's Advanced Armour.
     6 | D        | Found a shimmering altar of Xom.
     6 | D        | Found a viscous altar of Jiyva.
    22 | D        | Bought a warped golden amulet for 45 gold pieces
    22 | D        | Bought a crude lapis lazuli ring for 45 gold pieces
    22 | D        | Bought a fine wooden ring for 45 gold pieces
    22 | D        | Identified the amulet of the Vanishing Wishes {Gourm *Corrode rF+ SInv} (You bought it in a shop in the Dungeon)
    23 | D        | Identified the ring "Peoczif" {+Fly rC+ Dex+3 SInv} (You bought it in a shop in the Dungeon)
    24 | D        | Identified the ring of Hard Scrabble {rC+ Stlth+} (You bought it in a shop in the Dungeon)
    31 | D        | Found Suwaosche's Magic Scroll Shop.
    32 | D        | Found Coneof's Staff Store.
    32 | D        | Found Maakhaqo's Magic Scroll Shop.
    32 | D        | Found Rikuiclo's Must-Have Magic.
    36 | D        | Found a bloodstained altar of Trog.
    37 | D        | Found an opulent altar of Gozag.
    38 | D        | Found a glowing silver altar of Zin.
    39 | D        | Found Xenibru's Distillery.
    40 | D        | Found Petupp's Distillery.
    40 | D        | Found Assaas's Bottled Wisdom.
    40 | D        | Found a deep blue altar of Sif Muna.
    40 | D        | Found a roughly hewn altar of Beogh.
    40 | D        | Found a radiant altar of Vehumet.
    40 | D        | Found Cyuka's Do-It-Yourself Clinic.
    43 | D        | Noticed Terence
    45 | D        | Found a blossoming altar of Fedhas.
    46 | D        | Found an iron altar of Okawaru.
    48 | D        | Found a glowing golden altar of the Shining One.
    48 | D        | Found a stormy altar of Qazlal.
    60 | D        | Killed Terence
    60 | D        | Reached skill level 5 in Fighting
    60 | D        | Reached skill level 5 in Long Blades
    60 | D        | Reached XP level 2. HP: 27/27 MP: 2/2
    60 | D        | Reached XP level 3. HP: 33/33 MP: 3/3
    82 | D        | Found Syrhea's Premium Goods.
    82 | D        | Found Buamiust's Weapon Rack.
    83 | D        | Found Waufoebb's Miscellaneous Merchandise.
    83 | D        | Found Cidaeci's Basic Armour.
   116 | D        | Reached ** piety under Trog
   119 | D        | Arena points: 12 (+12) [x2]
   170 | D        | Round 2.
   187 | D        | Reached skill level 6 in Long Blades
   195 | D        | Noticed a soldier ant
   204 | D        | Slain by a soldier ant

Skill      XL: |  1  2  3 |
---------------+----------+-----
Fighting       | 5 |  5.9
Long Blades    | 5 6 |  6.0
Throwing       | 2 |  2.9
Armour         | 3 |  3.4
Dodging        | 3 |  3.4

Action                   || total
-------------------------++-------
Melee: Falchion          ||    25
Invok: Berserk           ||     2
       Trog's Hand       ||     1
Armor: Animal skin       ||     1
       Scale mail        ||    11
Dodge: Dodged            ||    18
       Rpst.: Falchion   ||     7
